 Dungeon Crawl Stone Soup version 0.31-a0-1204-ge2c1a860ed (webtiles) character file.

Game seed: 2362096902756080900

270 Lobster4 the Shooter (level 6, -2/53 HPs)
             Began as a Minotaur Hunter on Dec 12, 2023.
             Slain by a gnoll
             ... wielding a +0 flail
              (5 damage)
             ... on level 5 of the Dungeon.
             The game lasted 00:06:52 (3143 turns).

Lobster4 the Shooter (Minotaur Hunter)              Turns: 3143, Time: 00:06:52

Health: -2/53      AC:  5    Str: 16    XL:     6   Next: 1%
Magic:  5/5        EV: 11    Int:  6    God:
Gold:   136        SH:  0    Dex: 15    Spells: 5/5 levels left

rFire   . . .        a - +0 shortbow
rCold   . . .        (shield currently unavailable)
rNeg    . . .        v - +0 ring mail
rPois   .            (helmet restricted)
rElec   .            (no cloak)
rCorr   .            (no gloves)
SInv    .            (no boots)
Will    .....        (no amulet)
Stlth   +            (no ring)
HPRegen 0.28/turn    (no ring)
MPRegen 0.09/turn

%: no passive effects
@: no status effects
A: horns 2, retaliatory headbutt
a: no special abilities


You were on level 5 of the Dungeon.
You visited 1 branch of the dungeon, and saw 5 of its levels.

You collected 136 gold pieces.

Inventory:

Hand Weapons
 a - a +0 shortbow (weapon)
 f - a +0 mace
 n - a +0 sling
 o - a +0 short sword
 p - a +0 war axe
Missiles
 d - 3 poisoned darts
 q - 2 curare-tipped darts
 s - 3 datura-tipped darts
Armour
 c - a +0 leather armour
 v - a +0 ring mail (worn)
Wands
 B - a wand of light (11)
Scrolls
 b - a scroll of butterflies
 e - 4 scrolls of identify {unknown}
 l - a scroll of noise {unknown}
 m - 3 scrolls of fog {unknown}
 u - 2 scrolls of teleportation {unknown}
 w - 2 scrolls of vulnerability {unknown}
 x - a scroll of immolation {unknown}
 y - 2 scrolls of fear {unknown}
 z - 3 scrolls of poison {unknown}
 A - a scroll of blinking {unknown}
Potions
 g - a potion of heal wounds {unknown}
 h - a potion of enlightenment {unknown}
 i - 3 potions of curing {unknown}
 j - a potion of berserk rage {unknown}
 k - a potion of might {unknown}
 r - 2 potions of invisibility {unknown}
 t - a potion of lignification {unknown}
 C - 2 potions of resistance {unknown}


   Skills:
 + Level 4.4 Fighting
 * Level 6.6 Ranged Weapons
 + Level 0.9 Throwing
 - Level 2.0 Armour
 - Level 2.1 Dodging
 - Level 1.0 Stealth


You had 5 spell levels left.
You didn't know any spells.
Your spell library contained the following spells:

 Spells                   Type           Power      Damage    Failure   Level
 Poisonous Vapours        Pois/Air       0%         N/A       80%         2
 Dazzling Flash           Conj/Hex       0%         N/A       95%         3
 Mephitic Cloud           Conj/Pois/Air  0%         N/A       95%         3
 Agony                    Necr           0%         N/A       100%        5
 Freezing Cloud           Conj/Ice/Air   0%         6-21      100%        5
 Silence                  Hex/Air        0%         N/A       100%        5


Dungeon Overview and Level Annotations

Branches:
Dungeon (5/15)
 Temple: D:4-7

Altars:
Ashenzari


Innate Abilities, Weirdness & Mutations

You have a pair of horns on your head.
You reflexively headbutt those who attack you in melee.


Message History

A gnoll comes into view. It is wielding a +0 flail.
The gnoll barely misses you.
You shoot an arrow. The gnoll shouts!
The arrow hits the gnoll.
The gnoll is almost dead.
The gnoll hits you from afar with a +0 halberd of venom!
You are poisoned.
You shoot an arrow. The arrow hits the gnoll.
You kill the gnoll!
You feel very sick.
You have reached level 6!
You shoot an arrow. The arrow hits the gnoll.
The gnoll is lightly wounded.
You feel sick.
A gnoll comes into view. It is wielding a +0 halberd.
You shoot an arrow. The arrow barely misses the gnoll.
You feel sick.
You shoot an arrow.
The arrow hits the gnoll but does no damage.
The gnoll is lightly wounded.
You feel sick.
You shoot an arrow. The arrow barely misses the gnoll.
The arrow hits the gnoll!
The gnoll is heavily wounded.
You feel sick. The gnoll hits you with a +0 flail!
The gnoll hits you from afar with a +0 halberd!
The gnoll barely misses you. You furiously retaliate!
You headbutt the gnoll. The gnoll barely misses you.
You feel sick. The gnoll hits you with a +0 flail.
* * * LOW HITPOINT WARNING * * *
The gnoll barely misses you.
You feel sick. The gnoll attacks as it pursues you!
The gnoll completely misses you.
The gnoll hits you from afar with a +0 halberd.
* * * LOW HITPOINT WARNING * * *
There is a stone staircase leading up, spattered with blood here.
You feel sick.
You are no longer poisoned.
The gnoll barely misses you. The gnoll hits you with a +0 flail.
You die...

#.#...##
##......#
........ ......
#...# ## #g.#
.#...##..#######.
....<.:.g@.......
.....##.##.######
### #.# .# #.. .#
### .# .# .# ..


You could see 2 gnolls.

Vanquished Creatures
  2 orc wizards
  9 gnolls
  4 adders
  A white imp (D:5)
  2 worms (D:2)
  2 dart slugs
  8 orcs
  5 bats
  7 endoplasms
  3 giant cockroaches
  8 goblins
  5 hobgoblins
  6 kobolds
  5 ball pythons
  5 frilled lizards
  5 rats
77 creatures vanquished.

Notes
Turn   | Place    | Note
-------+----------+-------------------------------------------
     0 | D:1      | Lobster4 the Minotaur Hunter began the quest for the Orb.
     0 | D:1      | Reached XP level 1. HP: 18/18 MP: 0/0
   109 | D:1      | Reached skill level 1 in Stealth
   254 | D:1      | Reached XP level 2. HP: 25/25 MP: 1/1
   364 | D:1      | Reached skill level 1 in Armour
   974 | D:2      | Reached skill level 5 in Ranged Weapons
   974 | D:2      | Reached XP level 3. HP: 30/30 MP: 2/2
  1253 | D:2      | Reached XP level 4. HP: 38/38 MP: 3/3
  1945 | D:3      | Found a broken altar of Ashenzari.
  1952 | D:3      | Saw a vision of the Swamp and the Spider Nest.
  1952 | D:3      | Noticed a goliath frog
  1952 | D:3      | Noticed a bog body
  1952 | D:3      | Noticed a vampire mosquito
  1952 | D:3      | Noticed a bunyip
  1952 | D:3      | Noticed a tyrant leech
  1952 | D:3      | Noticed a sun moth
  1952 | D:3      | Noticed a pharaoh ant
  1952 | D:3      | Noticed a jorogumo
  1952 | D:3      | Noticed a moth of wrath
  1952 | D:3      | Noticed a pharaoh ant
  1952 | D:3      | Noticed a jorogumo
  1952 | D:3      | Noticed a jumping spider
  1952 | D:3      | Noticed an emperor scorpion
  1952 | D:3      | Noticed an orb spider
  1952 | D:3      | Noticed a boulder beetle
  1952 | D:3      | Noticed a moth of wrath
  1952 | D:3      | Noticed a jumping spider
  1952 | D:3      | Noticed a redback
  1952 | D:3      | Noticed a demonic crawler
  1952 | D:3      | Noticed a culicivora
  1953 | D:3      | Noticed a tyrant leech
  1953 | D:3      | Noticed a ghost crab
  1953 | D:3      | Noticed a redback
  1954 | D:3      | Noticed an eleionoma
  2317 | D:4      | Reached skill level 6 in Ranged Weapons
  2317 | D:4      | Reached XP level 5. HP: 43/46 MP: 4/4
  3126 | D:5      | Entered Level 5 of the Dungeon
  3137 | D:5      | Reached XP level 6. HP: 40/53 MP: 5/5
  3143 | D:5      | Slain by a gnoll

Illustrated notes

Levels and vault maps discovered:
D:1:      minmay_arrival_nine_rooms, layout_basic
D:2:      layout_basic, chequers_hall_statues_y, kennysheep_generic_room_16
D:3:      layout_loops_ring, grunt_ashenzari_visionary
          [grunt_ashenzari_visionary_swamp, grunt_ashenzari_visionary_spider],
          st_stairs_6
D:4:      layout_loops_ring
D:5:      layout_loops_ring, amcnicky_altar_gilded,
          minmay_temple_entry_butterflies

Skill      XL: |  1  2  3  4  5 |
---------------+----------------+-----
Stealth        | 1 |  1.0
Armour         | 1 2 |  2.0
Ranged Weapons | 5 6 |  6.6
Fighting       | 3 4 |  4.4
Throwing       | |  0.9
Dodging        | |  2.1

Action                     |  1- 3 |  4- 6 || total
---------------------------+-------+-------++-------
  Melee: Shortbow          |     2 |       ||     2
   Fire: Shortbow          |    83 |   157 ||   240
 Armour: Leather armour    |    14 |       ||    14
         Ring mail         |    18 |    64 ||    82
  Dodge: Dodged            |    38 |    41 ||    79

Table legend: (Time is in decaauts)
 A = Elapsed time spent in this place.
 B = Non-inter-level travel time spent in this place.
 C = Inter-level travel time spent in this place.
 D = Time resting spent in this place.
 E = Time spent auto-exploring this place.
 F = Levels seen in this place.
 G = Mean time per level.
                   A        B        C        D        E       F      G
               +--------+--------+--------+--------+--------+-----+--------+
         Total |   3192 |   3127 |     65 |    140 |   2420 |   5 |  638.4 |
       Dungeon |   3192 |   3127 |     65 |    140 |   2420 |   5 |  638.4 |
               +--------+--------+--------+--------+--------+-----+--------+

Top non-repeatable levels by time:
     D:4: 889 daAuts
     D:2: 817 daAuts
     D:1: 782 daAuts
     D:3: 684 daAuts
     D:5: 18 daAuts
